 Dungeon Crawl Stone Soup version 0.30-a0-605-gb2882149bf (webtiles) character file.

Game seed: 10816161429693781193

38 porpoise the Chopper (level 3, 0/29 HPs)
             Began as a Barachi Gladiator on Jan 8, 2023.
             Slain by a gnoll
             ... wielding a +1 heavy halberd
              (2 damage)
             ... on level 2 of the Dungeon.
             The game lasted 00:02:25 (794 turns).

porpoise the Chopper (Barachi Gladiator)             Turns: 794, Time: 00:02:26

Health: 0/29       AC:  4    Str: 17    XL:     3   Next: 43%
Magic:  3/3        EV: 12    Int:  8    God:
Gold:   54         SH:  0    Dex: 13    Spells: 2/2 levels left

rFire   . . .      SeeInvis .    a - +0 war axe
rCold   . . .      Faith    .    (no shield)
rNeg    . . .      Spirit   .    b - +0 leather armour
rPois   .          Reflect  .    c - +0 helmet
rElec   .          Harm     .    (no cloak)
rCorr   .          Rampage  .    (no gloves)
Will    .....                    (no boots)
Stlth   +                        (no amulet)
HPRegen 0.24/turn                (no ring)
MPRegen 0.08/turn                (no ring)

@: slow
A: amphibious, slowness 1, strong legs 1, +LOS
a: Hop


You were on level 2 of the Dungeon.
You visited 1 branch of the dungeon, and saw 2 of its levels.

You collected 54 gold pieces.

Inventory:

Hand Weapons
 a - a +0 war axe (weapon)
Missiles
 d - 3 throwing nets (quivered)
 e - a javelin
Armour
 b - a +0 leather armour (worn)
 c - a +0 helmet (worn)
Scrolls
 g - a scroll of magic mapping {unknown}
 h - 2 scrolls of noise {unknown}
 k - a scroll of acquirement {unknown}
 m - a scroll of fear {unknown}
 n - 2 scrolls of teleportation {unknown}
 o - a scroll of immolation {unknown}
Potions
 f - a potion of curing {unknown}
 i - a potion of haste {unknown}
 j - a potion of degeneration {unknown}
 l - a potion of lignification {unknown}


   Skills:
 + Level 3.2 Fighting
 * Level 4.4 Axes
 - Level 2.0 Throwing
 - Level 3.2 Dodging


You had 2 spell levels left.
You didn't know any spells.
Your spell library was empty.

Dungeon Overview and Level Annotations

Branches:
Dungeon (2/15)

Altars:


Innate Abilities, Weirdness & Mutations

You are amphibious.
You cover ground slowly.
You can hop short distances.
You have an extended range of vision and can be seen from far away.


Message History

A gnoll comes into view. It is wielding a +0 club.
The endoplasm freezes you.
You are frozen.
The gnoll shouts!
You hit the endoplasm but do no damage.
The endoplasm is almost dead.
You hear a shout! x2
The endoplasm closely misses you.
An adder comes into view.
The endoplasm freezes you.
You are frozen.
The adder hisses angrily.
You hit the endoplasm.
You kill the endoplasm!
A gnoll comes into view. It is wielding a +1 heavy halberd.
The rat attacks as you move away! The rat bites you.
The rat attacks as you move away! The rat barely misses you.
You barely miss the rat. The rat barely misses you.
The gnoll closely misses you. The rat barely misses you.
You closely miss the rat. The gnoll barely misses you.
The rat barely misses you.
You hit the rat.
You kill the rat!
The gnoll hits you from afar with a +0 spear.
The gnoll barely misses you. The gnoll barely misses you.
You hit the gnoll.
The gnoll is moderately wounded.
The gnoll hits you but does no damage.
The gnoll hits you from afar with a +1 heavy halberd!!
Ouch! That really hurt!
* * * LOW HITPOINT WARNING * * *
You slash the gnoll! You punch the gnoll, but do no damage.
The gnoll is almost dead.
The gnoll closely misses you. The gnoll barely misses you.
The gnoll attacks as you move away! The gnoll barely misses you.
The gnoll hits you but does no damage. The gnoll closely misses you.
The gnoll hits you from afar with a +1 heavy halberd.
You die...

..# ### .# ... .. S. #.. ..
.. #.# .# S## #.# .#g..
#.##..# #Sg†g.# #g#...#
#@##..# #.# .... #.# .#..#
#.# ...... #.# ## .... #.#
##...
################.#######...
.........................
#################.######.


You could see 2 gnolls and an adder.

Vanquished Creatures
  A dart slug (D:1)
  3 bats
  2 endoplasms
  3 goblins
  2 hobgoblins (D:1)
  7 jackals
  A quokka (D:1)
  2 ball pythons (D:1)
  A frilled lizard (D:1)
  4 kobolds (D:1)
  7 rats
33 creatures vanquished.

Notes
Turn   | Place    | Note
-------+----------+-------------------------------------------
     0 | D:1      | porpoise the Barachi Gladiator began the quest for the Orb.
     0 | D:1      | Reached XP level 1. HP: 17/17 MP: 1/1
    96 | D:1      | Reached XP level 2. HP: 23/23 MP: 2/2
   252 | D:1      | Reached skill level 4 in Axes
   402 | D:1      | Reached XP level 3. HP: 29/29 MP: 3/3
   791 | D:2      | HP: 1/29 [gnoll/+1 heavy halberd (18)]
   794 | D:2      | Slain by a gnoll

Illustrated notes

Levels and vault maps discovered:
D:1:      minmay_arrival_stair_chambers, layout_rooms, serial_rivers,
          chequers_serial_rivers_micro_c, chequers_serial_rivers_large_a,
          chequers_serial_rivers_micro_b, chequers_serial_rivers_micro_c,
          chequers_serial_rivers_room_a
D:2:      layout_basic, shapermc_ecumenical_altar_ellora, minmay_pentomino_pile

Skill      XL: |  1  2 |
---------------+-------+-----
Axes           | 4 |  4.4
Fighting       | 3 |  3.2
Throwing       | |  2.0
Dodging        | |  3.2

Action                   || total
-------------------------++-------
Melee: War axe           ||    86
       Punch             ||     2
Armor: Leather armour    ||    22
Dodge: Dodged            ||    64

Table legend: (Time is in decaauts)
 A = Elapsed time spent in this place.
 B = Non-inter-level travel time spent in this place.
 C = Inter-level travel time spent in this place.
 D = Time resting spent in this place.
 E = Time spent auto-exploring this place.
 F = Levels seen in this place.
 G = Mean time per level.
                   A        B        C        D        E       F      G
               +--------+--------+--------+--------+--------+-----+--------+
         Total |    926 |    907 |     19 |    107 |    551 |   2 |  463.0 |
       Dungeon |    926 |    907 |     19 |    107 |    551 |   2 |  463.0 |
               +--------+--------+--------+--------+--------+-----+--------+

Top non-repeatable levels by time:
     D:1: 790 daAuts
     D:2: 136 daAuts
